 Dungeon Crawl Stone Soup version 0.29.0-7-g18a832c13a (webtiles) character file.

Game seed: 9940491559795850539

2755 freelancePsychic the Covert (level 10, -10/63 HPs)
             Began as a Kobold Necromancer on Aug 30, 2022.
             Was an Initiate of Gozag.
             Mangled by a two-headed ogre
             ... wielding a +0 giant club
              (33 damage)
             ... on level 8 of the Dungeon.
             The game lasted 00:16:36 (10188 turns).

freelancePsychic the Covert (Kobold Necromancer)   Turns: 10188, Time: 00:16:36

Health: -10/63     AC:  5    Str:  5    XL:     10   Next: 0%
Magic:  7/24       EV: 15    Int: 21    God:    Gozag
Gold:   300        SH:  0    Dex: 16    Spells: 5/16 levels left

rFire   . . .      SeeInvis .   b - +2 short sword (venom)
rCold   . . .      Faith    .   (no shield)
rNeg    . . .      Spirit   .   d - +0 robe
rPois   .          Reflect  .   (no helmet)
rElec   .          Harm     .   C - +0 cloak
rCorr   .          Rampage  .   (no gloves)
Will    .....                   c - +1 pair of boots
Stlth   +++++.....              (no amulet)
HPRegen 0.20/turn               r - ring of wizardry
MPRegen 0.19/turn               f - ring of magical power

@: gold aura, very slightly contaminated
A: small, no large weapons, nightstalker 3
a: Renounce Religion, Potion Petition, Call Merchant, Bribe Branch


You were on level 8 of the Dungeon.
You worshipped Gozag.
Gozag was aware of your devotion.
You visited 2 branches of the dungeon, and saw 9 of its levels.

You collected 1033 gold pieces.
You spent 648 gold pieces at shops.
You paid 85 gold pieces to Gozag.

Inventory:

Hand Weapons
 a - a +0 dagger of electrocution
 b - a +2 short sword of venom (weapon)
 j - a +0 dagger of venom
Armour
 c - a +1 pair of boots (worn)
 d - a +0 robe (worn)
 l - an orb of energy
 C - a +0 cloak (worn)
 N - a scarf of invisibility
Jewellery
 f - a ring of magical power (right hand)
 r - a ring of wizardry (left hand)
 v - a +6 ring of strength
 G - a ring of ice
 H - an amulet of guardian spirit
 K - a +4 ring of evasion
Wands
 e - a wand of polymorph (6)
 y - a wand of flame (9)
 O - a wand of charming (7)
Scrolls
 h - a scroll of silence {unknown}
 m - a scroll of acquirement {unknown}
 n - a scroll of brand weapon
 o - 7 scrolls of identify {@r1}
 p - a scroll of summoning {unknown}
 q - 2 scrolls of teleportation {@r4}
 s - a scroll of blinking {unknown}
 t - 3 scrolls of fear {unknown}
 u - a scroll of enchant weapon {unknown}
 x - 2 scrolls of magic mapping
 z - 2 scrolls of immolation {unknown}
 B - a scroll of enchant armour {unknown}
 L - a scroll of torment {unknown}
Potions
 g - 2 potions of lignification
 i - a potion of might {unknown}
 k - a potion of magic
 w - a potion of cancellation {unknown}
 A - 2 potions of resistance {unknown}
 D - a potion of invisibility {unknown}
 E - a potion of mutation {unknown}
 F - a potion of attraction {unknown}
 I - 2 potions of heal wounds {unknown}
 J - a potion of degeneration {unknown}
 M - a potion of curing {@q1}


   Skills:
 + Level 7.5 Fighting
 - Level 6.5 Short Blades
 - Level 2.4 Dodging
 - Level 8.0 Stealth
 + Level 3.8 Spellcasting
 - Level 1.2 Hexes
 - Level 4.3 Necromancy
 + Level 3.1 Transmutations
 - Level 2.0 Fire Magic
 - Level 5.1 Poison Magic
 - Level 1.4 Evocations


You had 5 spell levels left.
You knew the following spells:

 Your Spells              Type           Power      Damage    Failure   Level
a - Necrotise             Necr           88%        1d8       1%          1
b - Vampiric Draining     Necr           22%        2d7       2%          3
c - Ignite Poison         Fire/Tmut/Pois 18%        N/A       3%          3
d - Olgreb's Toxic Radia  Pois           25%        N/A       6%          4

Your spell library contained the following spells:

 Spells                   Type           Power      Damage    Failure   Level
 Poisonous Vapours        Pois/Air       28%        N/A       2%          2
 Spider Form              Tmut/Pois      21%        N/A       2%          3
 Blink                    Tloc           8%         N/A       8%          2
 Dispel Undead            Necr           22%        3d12      9%          4
 Conjure Flame            Conj/Fire      8%         6-21      10%         3
 Lesser Beckoning         Tloc           4%         N/A       16%         3
 Anguish                  Hex/Necr       7%         N/A       16%         4
 Agony                    Necr           22%        N/A       22%         5
 Sticky Flame             Conj/Fire      8%         2d3       32%         4
 Manifold Assault         Tloc           4%         N/A       77%         5
 Death Channel            Necr           11%        N/A       75%         6
 Enfeeble                 Hex            4%         N/A       100%        7
 Animate Dead             Necr           Unusable   N/A       N/A         4
 Corpse Rot               Necr/Pois/Air  Unusable   N/A       N/A         4

Dungeon Overview and Level Annotations

Branches:
Dungeon (8/15)             Temple (1/1) D:4
   Lair: D:8-11

Altars:
Ashenzari
Dithmenos
Elyvilon
Gozag
Kikubaaqudgha
Makhleb
Nemelex Xobeh
Okawaru
Qazlal
Ru
Sif Muna
Trog
Vehumet
Xom
Yredelemnul
The Shining One

Shops:
D:6 :

Annotations:
D:2 Natasha
D:3 1 runed translucent door, Selrock's ghost, weakling PaFi
D:4 exclusion: orc warrior
D:6 exclusion: 2 wights, Dowan


Innate Abilities, Weirdness & Mutations

You are small and have problems with some larger weapons.
You are completely attuned to the shadows.


Message History

Confirm with . or Enter, or press ? or * to list all spells.
You miscast Olgreb's Toxic Radiance.
You are very lightly contaminated with residual magic.
You feel odd!
You are poisoned.
The two-headed ogre shouts in stereo!
You feel sick.
Casting: Olgreb's Toxic Radiance (dangerous; 6% risk of failure)
Confirm with . or Enter, or press ? or * to list all spells.
You begin to radiate toxic energy.
The two-headed ogre is poisoned.
You feel sick.
The two-headed ogre looks even sicker.
Your toxic aura wanes.
You feel sick.
You feel sick.
Casting: Olgreb's Toxic Radiance (dangerous; 6% risk of failure)
Confirm with . or Enter, or press ? or * to list all spells.
You ignite the poison in your surroundings!
The two-headed ogre seems to burn from within!!
The two-headed ogre is heavily wounded.
You feel sick.
You are no longer poisoned.
Casting: Ignite Poison (dangerous; 3% risk of failure)
Confirm with . or Enter, or press ? or * to list all spells.
You begin to radiate toxic energy.
The two-headed ogre is poisoned.
The two-headed ogre barely misses you.
The two-headed ogre hits you with a +0 giant club!!
Casting: Olgreb's Toxic Radiance (dangerous; 6% risk of failure)
Confirm with . or Enter, or press ? or * to list all spells.
You ignite the poison in your surroundings!
The two-headed ogre seems to burn from within!
The two-headed ogre is severely wounded.
The two-headed ogre is poisoned.
Your toxic aura wanes.
Okay, then.
The two-headed ogre attacks as you move away!
The two-headed ogre hits you with a +0 giant club!!
Ouch! That really hurt!
You die...
Your body crumbles into a pile of gold.

..#... .#...###..................
..#___..#..## #..................
..#_.___#.## #..................
..#S_...## #..................
..######## ##....>.............
.........#####...#...............
.................................
................#................
................@O...............
.........≈≈≈≈≈.§≈≈.#.............
.........≈...§...≈....... ..##...
.........≈.###.#.≈....... .# ####
...#§≈...##.. ### §≈§... ## ###..
#.... ....# .####


You could see a two-headed ogre (poisoned).

Vanquished Creatures
  Menkaure (D:6)
  A steam dragon (D:8)
  3 sky beasts
  A black bear (D:6)
  An orc warrior (D:7)
  2 ice beasts
  A boggart (D:4)
  4 ogres
  A gnoll sergeant (D:8)
  A necrophage (D:6)
  2 bullfrogs
  6 scorpions
  4 wights (D:7)
  3 jellies
  A hound (D:5)
  Crazy Yiuf (D:5)
  3 orc priests
  An iguana (D:5)
  6 orc wizards
  9 gnolls
  2 adders (D:6)
  A white imp (D:6)
  An ufetubus (D:5)
  2 worms
  2 dart slugs
  21 orcs
  3 ball pythons
  4 bats
  3 bat skeletons (D:8)
  3 bat zombies (D:8)
  6 endoplasms
  3 giant cockroaches
  3 goblins
  6 hobgoblins
  2 jackals (D:3)
  6 quokkas
  2 frilled lizards
  10 kobolds
  2 rats (D:1)
134 creatures vanquished.

Vanquished Creatures (collateral kills)
  A goblin (D:1)
  A rat (D:2)
2 creatures vanquished.

Vanquished Creatures (others)
  A fungus (D:5)
1 creature vanquished.

Grand Total: 137 creatures vanquished

Notes
Turn   | Place    | Note
-------+----------+-------------------------------------------
     0 | D:1      | freelancePsychic the Kobold Necromancer began the quest for
                  | the Orb.
     0 | D:1      | Reached XP level 1. HP: 10/10 MP: 3/3
   159 | D:1      | Reached XP level 2. HP: 6/16 MP: 1/5
   387 | D:1      | Reached skill level 1 in Short Blades
   387 | D:1      | Reached skill level 3 in Stealth
   443 | D:1      | Reached skill level 1 in Fighting
   647 | D:1      | Reached XP level 3. HP: 19/20 MP: 0/6
  1342 | D:2      | Noticed Natasha
  1732 | D:2      | Found a faded altar of an unknown god.
  2155 | D:3      | Found a runed translucent door.
  2158 | D:3      | Noticed Selrock's ghost (weakling PaFi)
  2280 | D:3      | Reached XP level 4. HP: 13/26 MP: 7/7
  2654 | D:3      | Reached skill level 4 in Stealth
  2784 | D:3      | Found the +1 Delatra's gloves {ID++}
  3598 | D:4      | Found a staircase to the Ecumenical Temple.
  3605 | Temple   | Entered the Ecumenical Temple
  3881 | Temple   | Became a worshipper of Gozag Ym Sagoz the Greedy
  3996 | D:4      | Noticed a scorpion
  4004 | D:4      | Killed a scorpion
  4005 | D:4      | Reached XP level 5. HP: 32/32 MP: 1/8
  4261 | D:4      | Learned a level 3 spell: Vampiric Draining
  4313 | D:4      | Reached skill level 5 in Stealth
  4401 | D:4      | Reached XP level 6. HP: 31/37 MP: 9/9
  4510 | D:4      | Noticed an orc warrior
  4706 | D:5      | Entered Level 5 of the Dungeon
  4775 | D:5      | Noticed an ogre
  4868 | D:5      | Noticed an ice beast
  4927 | D:5      | Identified the +1 leather armour of Ocugutupec {Str+2 Int-3
                  | Dex+7}
  5012 | D:5      | Noticed an ogre
  5225 | D:4      | Noticed a boggart
  5225 | D:4      | an orc warrior changed into a boggart
  5227 | D:4      | Killed a boggart
  5228 | D:4      | Reached skill level 6 in Stealth
  5228 | D:4      | Reached XP level 7. HP: 43/43 MP: 10/10
  5602 | D:5      | Reached skill level 5 in Short Blades
  5770 | D:5      | Reached skill level 7 in Stealth
  6014 | D:5      | Reached skill level 5 in Fighting
  6014 | D:5      | Reached XP level 8. HP: 48/49 MP: 11/11
  6105 | D:5      | Reached skill level 1 in Evocations
  6340 | D:5      | Found a runed translucent door.
  6343 | D:5      | Noticed Crazy Yiuf
  6350 | D:5      | Killed Crazy Yiuf
  6639 | D:6      | Found Xuhoth's Book Shop.
  6646 | D:6      | Reached skill level 1 in Hexes
  6696 | D:6      | Bought the Handbook of Toxins for 336 gold pieces
  6701 | D:6      | Learned a level 4 spell: Olgreb's Toxic Radiance
  6726 | D:6      | Noticed Menkaure
  6731 | D:6      | Killed Menkaure
  6732 | D:6      | Reached skill level 8 in Stealth
  6732 | D:6      | Reached skill level 1 in Poison Magic
  7031 | D:6      | Reached XP level 9. HP: 56/56 MP: 12/12
  7370 | D:6      | Noticed Dowan
  7803 | D:7      | Reached skill level 1 in Transmutations
  7804 | D:7      | Reached skill level 1 in Fire Magic
  8121 | D:6      | Bought an Everburning Encyclopedia for 312 gold pieces
  8125 | D:6      | Learned a level 3 spell: Ignite Poison
  8718 | D:7      | Reached skill level 5 in Poison Magic
  9746 | D:8      | Found a shimmering altar of Xom.
  9747 | D:8      | Found a shimmering altar of Xom.
  9763 | D:8      | Noticed a two-headed ogre
  9843 | D:8      | Found a bloodstained altar of Trog.
 10046 | D:8      | Found an ancient bone altar of Kikubaaqudgha.
 10144 | D:8      | Found a shimmering altar of Xom.
 10144 | D:8      | Found a shimmering altar of Xom.
 10145 | D:8      | Found a shimmering altar of Xom.
 10145 | D:8      | Found a shimmering altar of Xom.
 10145 | D:8      | Found a shimmering altar of Xom.
 10146 | D:8      | Found a shimmering altar of Xom.
 10155 | D:8      | Reached XP level 10. HP: 63/63 MP: 15/15
 10188 | D:8      | Mangled by a two-headed ogre

Illustrated notes

Levels and vault maps discovered:
D:1:      dpeg_arrival_another_circle, layout_rooms
D:2:      layout_loops_cross, ebering_ecumenical_altar_box, serial_bayou_pond_d,
          uniq_natasha
D:3:      layout_basic, gammafunk_ghost_grave, interstate_on_off,
          pf_guarded_unrand_delatra
D:4:      layout_basic, minmay_temple_entry_statues_pillars, grunt_decor_cap,
          minmay_misc_feat_pillars, hex_tiny, minivault_11
D:5:      layout_cave_pools, grunt_decor_arrowhead, uniq_crazy_yiuf_cottage
D:6:      layout_gridville, serial_shops, nicolae_square_shop, uniq_menkaure,
          uniq_duvessa
D:7:      layout_basic
D:8:      layout_layer_cave, xom_shifter_show, kennysheep_vampire_church,
          mainiacjoe_overflow_brackets, trog_three_pillars_becter,
          chequers_mini_garden
Temple:   nicolae_temple_bog_church

Skill      XL: |  1  2  3  4  5  6  7  8  9 |
---------------+----------------------------+-----
Short Blades   | 1 2 3 4 5 6 |  6.5
Stealth        | 3 4 5 6 7 8 |  8.0
Fighting       | 1 2 3 4 5 6 7 |  7.5
Evocations     | 1 |  1.4
Hexes          | 1 |  1.2
Poison Magic   | 3 5 |  5.1
Transmutations | 3 |  3.1
Fire Magic     | 2 |  2.0
Spellcasting   | 3 |  3.8
Dodging        | |  2.4
Necromancy     | |  4.3

Action                   |  1- 3 |  4- 6 |  7- 9 | 10-12 || total
-------------------------+-------+-------+-------+-------++-------
Melee: Dagger            |    25 |    46 |   136 |       ||   207
       Punch             |       |     1 |     1 |       ||     2
       Short sword       |       |       |    16 |       ||    16
 Cast: Necrotise         |    60 |    58 |    13 |       ||   131
       Vampiric Draining |       |       |    23 |       ||    23
       Olgreb's Toxic Ra |       |       |    15 |     2 ||    17
       Ignite Poison     |       |       |    10 |     2 ||    12
Evoke: Wand              |       |     3 |     3 |       ||     6
  Use: Scroll            |     4 |       |     1 |       ||     5
       Potion            |       |     1 |     5 |       ||     6
 Stab: Sleeping          |     2 |     4 |    15 |       ||    21
       Distracted        |       |       |     2 |       ||     2
Armor: Robe              |     2 |     4 |    20 |       ||    26
       Skin              |       |     1 |     9 |       ||    10
Dodge: Dodged            |    23 |    32 |    79 |     1 ||   135
